Map: Ley Lines

Players

KimChiLoVer - Winner!

  • Race: Terran Terran
  • League: Diamond
  • Spawn Location: 7:00

A.I. 1 (Elite)

  • Race: Zerg Zerg
  • Spawn Location: 1:00

VOD

Have the link to the VOD?

Description

Time

  • Played on: Aug. 30, 2025, 10:44 p.m.
  • Length: 10:27
Show
View Real Time Build Order
Export as new Build Order

KimChiLoVer Terran - Winner!

Build Orders: Reaper Expand 

Get SALT Encoding   

  12  0:00  SCV  
  13  0:12  SCV  
  14  0:17  Supply Depot  
  14  0:25  SCV  
  15  0:38  SCV  
  15  0:41  Barracks  
  16  0:44  Refinery  
  16  0:50  SCV  
  17  1:03  SCV  
  18  1:15  SCV  
  19  1:29  Orbital Command  
  19  1:31  Reaper  
  20  1:39  Command Center  
  20  1:49  Supply Depot  
  20  1:55  SCV  
  21  2:07  SCV  
  22  2:10  Marine  
  22  2:13  Factory  
  23  2:19  SCV  
  24  2:31  SCV, Barracks Reactor  
  24  2:36  Refinery  
  25  2:44  SCV  
  26  2:47  Command Center  
  26  2:56  SCV  
  27  3:05  Orbital Command  
  27  3:17  SCV  
  28  3:20  Refinery  
  28  3:23  Hellion x2, Barracks Tech Lab  
  32  3:29  SCV  
  32  3:31  SCV  
  34  3:40  Barracks  
  34  3:42  Stimpack  
  34  3:43  Marine, SCV  
  36  3:55  Starport  
  36  3:56  SCV  
  36  3:59  Factory Reactor  
  36  4:00  Orbital Command  
  37  4:04  SCV  
  37  4:08  SCV  
  39  4:17  SCV  
  40  4:18  Refinery  
  40  4:20  SCV  
  41  4:29  SCV  
  42  4:32  SCV x2  
  44  4:40  Orbital Command  
  44  4:41  SCV  
  44  4:44  SCV  
  44  4:45  Refinery  
  47  4:48  Factory Tech Lab  
  47  4:51  Engineering Bay  
  47  4:52  Medivac x2, Engineering Bay  
  50  4:53  Marine x3, SCV  
  50  4:56  SCV  
  56  5:07  SCV x2  
  56  5:08  SCV  
  56  5:11  Marine x3  
  56  5:13  Supply Depot x2  
  61  5:19  Terran Infantry Weapons Level 1  
  61  5:23  Barracks  
  61  5:26  Barracks  
  61  5:27  Barracks  
  61  5:34  Starport Reactor, SCV, Siege Tank  
  65  5:37  Supply Depot  
  65  5:39  Supply Depot  
  65  5:41  Marine x2  
  65  5:42  Marine  
  68  5:51  SCV  
  68  5:54  SCV x2  
  71  5:59  Marine x3  
  71  6:01  Terran Infantry Armor Level 1  
  71  6:03  SCV  
  75  6:05  Supply Depot  
  75  6:06  SCV, Supply Depot  
  75  6:07  Siege Tank  
  79  6:13  Marine x2  
  79  6:15  SCV, Barracks Reactor  
  79  6:17  Marine x3, Barracks Reactor  
  85  6:18  SCV  
  85  6:21  Medivac x2  
  85  6:24  SCV  
  91  6:27  SCV  
  91  6:31  Marine x2, SCV  
  91  6:32  Supply Depot  
  95  6:34  Supply Depot  
  95  6:35  Marine x3  
  95  6:41  Combat Shield  
  95  6:44  SCV  
  96  6:49  Marine x2  
  96  6:52  Marine  
  96  6:53  Marine x2  
  101  6:54  Supply Depot  
  101  6:56  SCV  
  101  7:01  Marine x2, Medivac x2  
  106  7:02  Barracks  
  106  7:03  Barracks  
  106  7:04  Siege Tank  
  106  7:05  Barracks  
  106  7:06  Marine, SCV x2  
  106  7:07  Marine  
  115  7:10  Marine x2  
  115  7:12  Supply Depot  
  117  7:17  Marine x3  
  117  7:19  Marine, Supply Depot  
  118  7:35  Supply Depot  
  115  7:42  Marine x3  
  115  7:43  Marine x3  
  115  7:44  Siege Tank  
  124  7:55  Barracks Reactor x2  
  124  7:56  Barracks Reactor  
  124  8:02  Supply Depot  
  124  8:05  Medivac x2, Supply Depot x2  
  128  8:08  Marine x5  
  128  8:09  Marine x3  
  136  8:13  Supply Depot  
  136  8:15  Supply Depot  
  136  8:16  Siege Tank  
  139  8:21  Marine  
  139  8:26  Marine x4  
  133  8:47  Marine  
  133  8:48  Marine x14, Siege Tank  
  149  9:05  Marine  
  149  9:06  Marine x14  
  164  9:23  Marine x6  
  164  9:24  Marine x2  
  171  9:28  Marine  
  171  9:29  Marine  
  171  9:30  Marine  
  171  9:31  Marine x4  
  165  9:41  Marine x5  
  162  9:58  Marine x11  
  162  9:59  Marine x2  
Show
View Real Time Build Order
Export as new Build Order

A.I. 1 (Elite) Zerg 

Build Orders: Hatch First 

Get SALT Encoding   

  12  0:00  Drone  
  13  0:12  Overlord  
  13  0:16  Drone  
  14  0:30  Drone  
  14  0:31  Drone  
  14  0:34  Drone  
  17  0:54  Drone, Hatchery  
  17  1:10  Spawning Pool  
  16  1:13  Drone, Extractor  
  16  1:18  Drone  
  17  1:21  Drone  
  18  1:28  Drone  
  19  1:38  Overlord  
  19  1:49  Drone  
  20  1:58  Queen  
  20  2:00  Zergling x2  
  23  2:05  Drone  
  24  2:18  Queen  
  26  2:23  Drone  
  26  2:26  Extractor  
  26  2:27  Drone  
  27  2:30  Drone  
  27  2:34  Drone  
  29  2:45  Roach Warren  
  29  2:47  Drone  
  29  2:50  Zergling x2  
  29  2:53  Drone  
  29  2:57  Zergling x2  
  31  3:00  Zergling x2  
  31  3:03  Drone  
  32  3:11  Overlord  
  32  3:14  Drone  
  32  3:17  Drone  
  34  3:25  Roach  
  36  3:29  Roach  
  36  3:30  Roach  
  40  3:35  Roach  
  42  3:42  Lair  
  42  3:47  Overlord  
  42  3:52  Overlord  
  42  3:55  Zergling x2  
  43  3:57  Zergling x2  
  44  4:05  Drone x2, Zergling x2  
  44  4:08  Drone  
  44  4:09  Drone  
  49  4:13  Drone  
  50  4:17  Overlord  
  50  4:21  Roach  
  52  4:25  Roach  
  52  4:28  Roach  
  56  4:32  Roach  
  56  4:35  Overlord  
  58  4:42  Hydralisk Den, Drone  
  58  4:44  Drone  
  59  4:46  Drone  
  59  4:49  Roach  
  64  4:52  Roach  
  64  4:57  Overlord  
  64  5:03  Drone  
  64  5:05  Drone  
  66  5:07  Drone  
  66  5:10  Drone  
  66  5:11  Drone, Hydralisk  
  71  5:14  Hydralisk  
  71  5:17  Drone  
  71  5:19  Drone  
  75  5:23  Overlord  
  75  5:25  Drone  
  75  5:27  Drone  
  77  5:29  Drone  
  77  5:31  Drone  
  77  5:33  Drone  
  77  5:34  Drone  
  81  5:36  Drone  
  81  5:40  Infestation Pit  
  81  5:46  Overlord  
  81  5:48  Drone  
  82  5:56  Metabolic Boost  
  82  5:58  Evolution Chamber  
  80  6:06  Hatchery  
  79  6:17  Evolution Chamber  
  79  6:18  Infestor, Drone  
  79  6:24  Drone, Zerg Missile Weapons Level 1, Extractor  
  81  6:29  Drone, Extractor  
  81  6:37  Infestor  
  80  6:42  Zerg Ground Armor Level 1  
  80  6:46  Drone x3  
  83  6:47  Spine Crawler  
  83  6:48  Drone  
  83  6:51  Drone x3, Ravager  
  83  6:54  Overlord, Roach  
  89  7:01  Ravager  
  90  7:04  Roach  
  90  7:08  Hydralisk  
  94  7:14  Spine Crawler  
  93  7:17  Hydralisk  
  93  7:18  Drone x2  
  93  7:19  Overlord, Drone x4  
  93  7:20  Drone x3  
  104  7:24  Drone  
  104  7:25  Extractor  
  104  7:28  Zergling x2  
  104  7:29  Drone  
  102  7:30  Overseer  
  102  7:32  Baneling Nest  
  102  7:35  Zergling x2  
  92  7:39  Drone, Roach x2, Zergling x2  
  92  7:40  Drone  
  99  7:45  Drone  
  99  7:50  Overlord, Pneumatized Carapace, Zergling x2  
  99  7:51  Roach, Zergling x4  
  105  7:57  Roach  
  107  7:58  Evolution Chamber  
  107  8:01  Roach  
  107  8:02  Roach  
  110  8:08  Roach  
  110  8:10  Overlord, Infestor  
  110  8:11  Drone, Roach  
  117  8:13  Drone  
  117  8:15  Baneling x2  
  117  8:16  Baneling x3  
  117  8:17  Baneling x3  
  117  8:18  Drone  
  117  8:19  Baneling, Zerg Melee Weapons Level 1  
  119  8:20  Baneling  
  119  8:22  Zergling x2  
  119  8:23  Drone, Baneling, Zergling x4  
  119  8:24  Zergling x2, Extractor  
  123  8:30  Drone  
  123  8:33  Drone  
  100  8:35  Drone  
  100  8:41  Roach  
  88  8:42  Hydralisk, Zergling x2  
  88  8:43  Roach  
  88  8:44  Drone  
  88  8:47  Zergling x2  
  84  8:49  Overseer  
  84  8:51  Roach  
  84  8:54  Zergling x8  
  89  8:57  Zergling x2  
  89  9:02  Baneling x2  
  90  9:04  Ravager  
  90  9:05  Baneling x2, Zergling x2  
  90  9:06  Spore Crawler  
  90  9:08  Zergling x2  
  89  9:10  Spore Crawler  
  89  9:12  Queen  
  89  9:13  Hydralisk  
  89  9:14  Drone, Roach, Zergling x2  
  89  9:16  Baneling x3, Zergling x2  
  91  9:19  Roach  
  57  9:38  Zergling x2  
  57  9:40  Roach  
  43  9:47  Zergling x2  
  15  10:04  Drone x2  
Tags
 
Add a new tag
Caveats
  • Supply blocks, unpowered buildings, or Contaminate may cause inaccurate times.
  • Supply counts are checked every 10 seconds.